[Event "MTS Logistics 2017"]
[Site "Urla"]
[Date "2017.07.11"]
[Round "7.4"]
[White "Ozen, Bahadir"]
[Black "Arat, Ufuk Sezen"]
[Result "1-0"]
[ECO "B10"]
[WhiteElo "2315"]
[BlackElo "2400"]
[Annotator "ChessBase"]
[PlyCount "97"]
[EventDate "2017.??.??"]
[EventType "schev"]
[EventCountry "TUR"]
[SourceTitle "playchess.com"]
[Source "ChessBase"]
[SourceQuality "1"]
[TimeControl "5400+30"]

1. g3 Nf6 2. Bg2 d5 3. d3 e5 4. Nf3 Nbd7 5. O-O Bd6 6. Nbd2 O-O 7. e4 c6 8. b3 a5 9. a4 Re8 10. Bb2 Qc7 11. Re1 d4 12. c3 dxc3 13. Bxc3 Bb4 14. Qc2 b6 15. d4 Ba6 16. dxe5 Bxc3 17. Qxc3 Nxe5 18. Nxe5 Rxe5 19. f4 Rc5 20. Qb2 b5 21. e5 Ng4 22. Ne4 Rd5 23. Bf3 Qb6+ 24. Kh1 h5 25. Qc2 bxa4 26. bxa4 Bd3 27. Qc3 Bxe4 28. Bxe4 Qf2 29. Bg2 Rc5 30. Qf3 Qd4 31. Ra3 Nf2+ 32. Kg1 Ng4+ 33. Kh1 Rb8 34. h3 Nf2+ 35. Kh2 Rb2 36. Rb3 Rxb3 37. Qxb3 h4 38. e6 hxg3+ 39. Qxg3 fxe6 40. Re2 Nd1 41. Rxe6 Nc3 42. Qg4 Qf2 43. Re8+ Kh7 44. Re7 Qd4 45. Qh4+ Kg8 46. Re8+ Kf7 47. Qe7+ Kg6 48. Rf8 Rf5 49. Qe8+ 1-0

[Event "MTS Logistics 2017"]
[Site "Urla"]
[Date "2017.07.11"]
[Round "8.2"]
[White "Arat, Ufuk Sezen"]
[Black "Gokerkan, Cem Kaan"]
[Result "1-0"]
[ECO "A49"]
[WhiteElo "2400"]
[BlackElo "2321"]
[Annotator "ChessBase"]
[PlyCount "95"]
[EventDate "2017.??.??"]
[EventType "schev"]
[EventCountry "TUR"]
[SourceTitle "playchess.com"]
[Source "ChessBase"]
[SourceQuality "1"]
[TimeControl "5400+30"]

1. Nf3 Nf6 2. g3 g6 3. d4 Bg7 4. c4 c6 5. Bg2 O-O 6. O-O d5 7. b3 dxc4 8. bxc4 c5 9. Bb2 cxd4 10. Nxd4 Qb6 11. Nb3 Rd8 12. Qc1 Nc6 13. Nc3 Na5 14. Nxa5 Qxa5 15. Nd5 Nxd5 16. cxd5 Bxb2 17. Qxb2 e6 18. e4 exd5 19. exd5 Qb6 20. Rab1 Qxb2 21. Rxb2 b6 22. d6 Rb8 23. Rd2 Be6 24. Rc1 b5 25. Rc6 b4 26. Ra6 Rb6 27. Rxb6 axb6 28. f4 Kg7 29. Kf2 Kf6 30. Ke3 Bf5 31. Bc6 Ke6 32. Bd5+ Kf6 33. Bb3 Be6 34. Rd4 Bxb3 35. axb3 Ke6 36. d7 Rxd7 37. Rxd7 Kxd7 38. Kd4 Kc6 39. Ke5 Kc5 40. g4 Kc6 41. g5 Kc5 42. h3 Kc6 43. Kf6 Kd5 44. Kxf7 Kd4 45. Kg7 Kc3 46. Kxh7 Kxb3 47. f5 Ka3 48. f6 1-0